Map: 机械城 - 天梯版

Players

Kelazhur - Winner!

  • Race: Terran Terran

SortOf

  • Race: Zerg Zerg

Event: WESG 2018 Grand Finals

VOD

Have the link to the VOD?

Description

Time

  • Played on: March 12, 2019, 7:10 a.m.
  • Length: 24:10

All games in this series

Show
View Real Time Build Order
Export as new Build Order

Kelazhur Terran - Winner!

Build Orders: Gas First Reaper Expand, Hellion Banshee 

Get SALT Encoding   

  12  0:00  SCV  
  13  0:12  SCV  
  14  0:17  Supply Depot  
  14  0:25  SCV  
  15  0:29  Refinery  
  15  0:39  SCV  
  16  0:45  Barracks  
  16  0:51  SCV  
  17  1:03  SCV  
  18  1:15  SCV  
  19  1:32  Reaper, Orbital Command  
  20  1:43  Command Center  
  20  1:56  Factory  
  20  1:59  SCV  
  21  2:06  Barracks Reactor  
  21  2:12  SCV  
  22  2:15  Supply Depot  
  22  2:24  SCV  
  22  2:25  Refinery  
  23  2:37  SCV  
  23  2:43  Starport  
  24  2:49  SCV  
  25  2:53  Barracks Tech Lab  
  25  2:56  Orbital Command  
  25  2:59  Hellion  
  25  3:00  Hellion  
  25  3:03  SCV  
  30  3:15  SCV  
  31  3:22  Hellion x2  
  31  3:23  SCV  
  31  3:25  Banshee  
  39  3:29  SCV  
  40  3:35  SCV  
  40  3:41  SCV  
  46  3:51  SCV  
  46  3:53  SCV  
  46  3:54  Supply Depot  
  43  3:59  Command Center  
  43  4:03  SCV  
  43  4:05  SCV  
  45  4:15  Banshee, Hellion x2, SCV  
  45  4:16  Marine  
  54  4:22  Refinery  
  54  4:23  Refinery  
  54  4:31  Supply Depot  
  54  4:41  Supply Depot  
  54  4:45  Hyperflight Rotors  
  60  4:52  SCV x2  
  60  4:53  Hellion x2  
  60  5:00  Armory, Supply Depot  
  60  5:04  Supply Depot  
  60  5:05  SCV x2  
  62  5:13  Orbital Command  
  62  5:18  SCV  
  62  5:19  SCV  
  62  5:20  Factory  
  62  5:21  Factory  
  64  5:24  Hellion  
  64  5:25  Hellion  
  68  5:31  SCV x2  
  68  5:32  Banshee  
  73  5:42  SCV  
  74  5:43  SCV  
  74  5:46  SCV  
  78  5:50  Hellion x2, Orbital Command  
  78  5:55  SCV  
  82  5:58  SCV  
  82  5:59  Terran Vehicle And Ship Armor Level 1  
  82  6:04  Factory Tech Lab x2, Supply Depot  
  82  6:07  SCV  
  82  6:08  Factory x2  
  82  6:10  SCV  
  84  6:12  Hellion x2  
  84  6:16  SCV  
  89  6:19  SCV  
  89  6:24  SCV  
  89  6:28  SCV  
  89  6:31  Cyclone x2  
  89  6:32  SCV  
  91  6:37  SCV  
  91  6:39  Hellion x2, Infernal Pre-Igniter, Mag-Field Accelerator  
  96  6:40  SCV  
  96  6:42  Refinery  
  96  6:44  Refinery, SCV  
  98  6:49  SCV  
  98  6:52  SCV  
  98  6:54  Factory Tech Lab, Factory Reactor  
  97  6:55  Banshee  
  97  6:56  SCV  
  97  6:58  Supply Depot  
  97  7:01  SCV  
  102  7:02  Hellion  
  102  7:04  SCV, Supply Depot  
  105  7:08  SCV  
  105  7:10  Hellion x12  
  105  7:14  SCV  
  107  7:16  SCV  
  107  7:20  Cyclone x3, Supply Depot  
  117  7:25  SCV  
  117  7:26  Hellion, SCV  
  117  7:27  Supply Depot  
  117  7:28  SCV  
  116  7:38  Hellion x3, Command Center  
  116  7:43  Banshee  
  125  7:45  SCV x2  
  125  7:46  SCV  
  128  7:55  Cyclone x3  
  128  7:56  Hellion  
  128  7:58  Supply Depot x2  
  139  8:05  Supply Depot  
  139  8:08  Terran Vehicle And Ship Armor Level 2  
  139  8:11  Hellion  
  141  8:15  Supply Depot x2  
  145  8:20  Hellion x2  
  145  8:24  Supply Depot  
  145  8:25  SCV x3  
  151  8:34  Cyclone x2  
  151  8:37  SCV x2  
  151  8:41  Cyclone  
  148  8:42  Hellion x2  
  146  8:49  Hellion  
  146  8:51  SCV  
  141  8:59  Hellion  
  143  9:03  Hellion  
  143  9:06  Cyclone  
  148  9:10  Cyclone  
  148  9:13  Cyclone, SCV x3  
  148  9:14  Factory  
  148  9:16  Factory  
  157  9:17  Factory  
  157  9:18  Hellion x2  
  161  9:36  Smart Servos  
  161  9:38  Hellion x2  
  159  9:42  Engineering Bay  
  159  9:45  Orbital Command  
  159  9:46  Cyclone x2  
  159  9:47  Hellion x2  
  159  9:51  Command Center  
  169  10:00  Cyclone  
  169  10:10  Hellion x3, SCV  
  172  10:20  Hellion  
  166  10:22  Factory Tech Lab, Factory Reactor  
  166  10:23  Factory Tech Lab  
  166  10:24  Cyclone x2  
  166  10:26  SCV x4  
  166  10:28  Terran Vehicle And Ship Armor Level 3  
  163  10:30  Armory  
  163  10:31  Hellion  
  165  10:38  Hi-Sec Auto Tracking  
  165  10:41  Hellion  
  165  10:51  Cyclone x3  
  172  11:03  Cyclone x2  
  163  11:04  Hellion x5  
  163  11:09  Starport x2  
  153  11:18  Terran Vehicle Weapons Level 1  
  153  11:19  Planetary Fortress  
  153  11:21  Refinery x2  
  153  11:23  Cyclone x2  
  153  11:25  Hellion x3  
  171  11:26  Hellion x3  
  169  11:35  Cyclone x2, Neosteel Armor  
  175  11:40  Hellion  
  175  11:46  Cyclone  
  171  11:49  Hellion x5  
  171  11:51  SCV  
  171  11:52  SCV x3  
  175  11:55  Cyclone  
  175  11:57  Starport Reactor  
  175  11:58  Starport Reactor  
  175  11:59  Fusion Core  
  183  12:16  Hellion x2  
  183  12:20  Liberator x3  
  188  12:22  Liberator  
  188  12:23  SCV x2, Liberator  
  188  12:24  SCV  
  193  12:51  Advanced Ballistics  
  191  13:02  Liberator  
  191  13:03  Starport, Liberator  
  191  13:05  Terran Ship Weapons Level 1  
  191  13:11  Command Center x2  
  191  13:17  Command Center  
  167  13:21  Cyclone x4  
  167  13:26  Hellion x5, Command Center  
  166  13:37  Cyclone  
  163  13:47  Hellion x3  
  163  13:48  Hellion x2  
  167  13:53  Cyclone x4  
  179  14:02  Hellion  
  165  14:09  Hellion x3  
  167  14:10  Cyclone, Hellion x2  
  166  14:24  Hellion  
  157  14:25  Cyclone x3  
  157  14:26  Hellion  
  157  14:29  Orbital Command  
  157  14:30  Hellion x3  
  176  14:31  Hellion  
  176  14:34  Hellion  
  176  14:36  Command Center  
  178  14:42  Cyclone  
  178  14:45  Hellion  
  183  14:47  Cyclone  
  183  14:51  Hellion x2  
  183  14:52  Hellion  
  194  14:53  Hellion  
  194  14:57  Cyclone x2  
  200  15:03  Planetary Fortress  
  200  15:04  Refinery  
  200  15:05  Refinery  
  200  15:19  Cyclone x2  
  200  15:20  Liberator x3  
  199  15:31  Cyclone  
  199  15:35  Hellion  
  198  15:47  Liberator x2  
  198  16:03  Liberator  
  189  16:09  Orbital Command x2  
  189  16:10  Liberator  
  189  16:11  Liberator  
  195  16:13  Planetary Fortress  
  195  16:14  Refinery  
  195  16:15  Refinery  
  195  16:18  SCV  
  196  16:22  Command Center  
  196  16:32  Hellion x4  
  199  16:41  Terran Ship Weapons Level 2, Starport Reactor  
  199  16:42  Terran Vehicle Weapons Level 2  
  199  16:58  Liberator x3  
  199  17:01  Cyclone x2  
  198  17:03  Command Center  
  185  17:11  Hellion x3  
  185  17:15  Hellion x2  
  192  17:19  Refinery  
  192  17:34  Starport  
  192  17:35  Starport  
  192  17:36  Starport  
  192  17:51  Planetary Fortress  
  192  17:52  Refinery  
  178  17:59  Hellion  
  178  18:00  Hellion x4  
  190  18:19  Hellion  
  192  18:21  Thor x3  
  195  18:31  Planetary Fortress  
  195  18:33  Thor  
  198  18:36  Refinery  
  189  18:53  Liberator x2  
  189  18:54  Thor  
  195  18:59  Command Center  
  192  19:13  Liberator x3, Thor x2  
  192  19:15  Thor  
  197  19:19  Hellion  
  196  19:30  Liberator x2  
  199  19:36  Liberator  
  197  19:45  Thor  
  167  19:46  Hellion x6  
  167  19:47  Liberator  
  167  19:49  Terran Vehicle Weapons Level 3, Terran Ship Weapons Level 3  
  170  19:56  Thor x3  
  191  20:00  Thor  
  200  20:12  Refinery  
  198  20:17  Planetary Fortress  
  198  20:19  Missile Turret  
  192  21:27  Liberator  
  178  21:46  Starport Tech Lab x3  
  199  21:48  Liberator x2  
  182  22:02  Hellion x5  
  182  22:04  Cyclone x5  
  182  22:05  Hellion  
  157  22:12  Liberator  
  157  22:13  Liberator x2  
  132  22:21  Battlecruiser x4  
  138  22:23  Hellion  
  138  22:24  Hellion x2  
  138  22:25  Hellion x2  
  138  22:27  Hellion  
  141  22:31  Liberator  
  141  22:36  Cyclone x5  
  161  22:45  Hellion x3  
  161  22:46  Hellion x2  
  161  22:48  Liberator  
  161  22:49  Hellion  
  170  23:06  Hellion x3  
  170  23:07  Hellion x2  
  170  23:08  Cyclone  
  170  23:12  Hellion x2  
  182  23:14  Hellion  
  163  23:23  Cyclone x2  
  149  23:27  Hellion  
  149  23:28  Hellion  
  149  23:29  Hellion  
  149  23:30  Hellion  
  149  23:34  Cyclone  
  160  23:37  SCV  
  160  23:39  SCV  
  162  23:43  Hellion x3  
  171  23:49  Hellion, SCV  
  171  23:51  SCV  
Show
View Real Time Build Order
Export as new Build Order

SortOf Zerg 

Build Orders: Hatch First, Brood Lord Corruptor 

Get SALT Encoding   

  12  0:00  Drone  
  13  0:12  Overlord  
  13  0:18  Drone  
  14  0:30  Drone  
  14  0:31  Drone  
  16  0:49  Hatchery  
  15  0:52  Drone  
  15  0:56  Drone  
  17  0:59  Drone  
  18  1:10  Extractor  
  17  1:15  Spawning Pool  
  17  1:18  Drone  
  17  1:21  Drone  
  18  1:28  Drone  
  19  1:38  Drone  
  20  1:52  Drone  
  21  2:02  Queen x2  
  21  2:04  Zergling x4  
  27  2:16  Hatchery  
  27  2:22  Overlord  
  26  2:26  Drone  
  26  2:28  Drone  
  28  2:41  Drone, Extractor  
  28  2:42  Drone x2  
  28  2:44  Metabolic Boost  
  31  2:52  Queen  
  31  2:55  Overlord  
  33  3:01  Drone  
  33  3:02  Drone  
  33  3:03  Drone  
  36  3:15  Drone x2  
  36  3:17  Queen  
  36  3:18  Overlord  
  40  3:23  Drone x2  
  42  3:29  Zergling x6  
  42  3:33  Queen  
  47  3:42  Drone x4  
  47  3:45  Drone  
  52  3:49  Overlord, Drone  
  52  3:52  Drone  
  52  3:53  Drone  
  55  3:56  Drone x2  
  55  4:02  Drone  
  58  4:03  Overlord  
  58  4:05  Overlord  
  58  4:14  Queen  
  58  4:15  Drone x4  
  63  4:20  Zergling x4  
  65  4:26  Drone  
  65  4:27  Drone x3  
  65  4:30  Overlord  
  69  4:33  Drone x2  
  71  4:38  Queen, Spore Crawler  
  71  4:43  Overlord  
  71  4:45  Evolution Chamber, Zergling x2  
  72  4:47  Evolution Chamber  
  71  4:53  Drone x2  
  71  4:54  Drone  
  71  4:55  Spore Crawler  
  72  5:01  Zergling x4  
  72  5:02  Zergling x2  
  75  5:11  Drone  
  75  5:12  Drone  
  75  5:13  Drone  
  78  5:17  Drone  
  78  5:18  Drone  
  78  5:19  Extractor  
  78  5:20  Extractor  
  78  5:22  Drone x10  
  78  5:25  Zerg Ground Armor Level 1  
  88  5:37  Lair  
  88  5:39  Extractor  
  88  5:40  Extractor x2  
  85  5:45  Drone x2  
  85  5:46  Spore Crawler  
  85  5:49  Drone x3, Hatchery  
  86  5:51  Drone x2  
  86  5:52  Drone x2  
  86  5:54  Overlord  
  86  5:55  Baneling Nest  
  89  5:58  Overlord  
  89  6:01  Overlord  
  89  6:08  Overlord  
  89  6:12  Queen  
  89  6:13  Drone x3  
  89  6:15  Zergling x8  
  98  6:20  Zergling x2  
  98  6:21  Zergling x12  
  94  6:35  Overseer  
  94  6:38  Drone x3  
  94  6:39  Drone x3  
  96  6:43  Centrifical Hooks  
  96  6:45  Hydralisk Den, Infestation Pit, Hatchery  
  96  6:46  Baneling x5  
  86  6:50  Drone x3  
  86  6:51  Queen  
  86  6:53  Drone  
  86  6:54  Drone x2  
  92  6:58  Zergling x6  
  95  7:01  Zerg Melee Weapons Level 1  
  95  7:07  Baneling x3  
  95  7:10  Overseer  
  95  7:12  Drone  
  95  7:13  Overlord  
  95  7:15  Zergling x12  
  102  7:18  Muscular Augments  
  102  7:19  Zerg Missile Weapons Level 1  
  102  7:20  Pneumatized Carapace  
  102  7:28  Overlord  
  102  7:31  Hydralisk x4  
  102  7:34  Overlord  
  102  7:36  Overlord  
  110  7:38  Infestor  
  110  7:43  Baneling x2, Hydralisk  
  110  7:44  Zergling x4  
  115  7:49  Zergling x6, Hydralisk  
  121  7:53  Baneling  
  121  7:58  Overlord  
  121  8:03  Hydralisk x5  
  130  8:06  Overlord  
  130  8:07  Drone x2  
  132  8:13  Baneling x5  
  132  8:19  Baneling x2  
  132  8:20  Baneling, Hydralisk x2  
  132  8:21  Zergling x10  
  141  8:30  Overlord  
  141  8:31  Zergling x14  
  141  8:32  Baneling  
  133  8:51  Hive  
  133  8:52  Grooved Spines  
  133  8:53  Spire, Zergling x2  
  133  8:54  Zergling x22  
  142  9:00  Drone x2  
  142  9:01  Drone x2  
  142  9:02  Extractor  
  145  9:03  Extractor  
  145  9:06  Baneling  
  145  9:07  Baneling x4  
  144  9:10  Hydralisk x4  
  151  9:17  Overlord  
  151  9:19  Drone x3  
  151  9:20  Drone  
  151  9:21  Drone x2  
  156  9:28  Baneling x5  
  137  9:39  Hydralisk x7  
  137  9:40  Zergling x6  
  154  9:50  Zergling x6, Baneling x7  
  153  10:18  Hatchery  
  146  10:23  Infestor x2  
  146  10:24  Hydralisk  
  146  10:25  Zergling x34, Hydralisk x3  
  146  10:27  Greater Spire  
  175  10:38  Zerg Missile Weapons Level 2, Zerg Melee Weapons Level 2  
  175  10:41  Overlord x2  
  150  11:08  Zergling x2, Corruptor x8  
  158  11:17  Viper  
  161  11:19  Zergling x16  
  161  11:23  Baneling x4  
  161  11:24  Baneling  
  166  11:36  Hatchery x2  
  160  11:41  Brood Lord x2  
  160  11:46  Zergling x26  
  176  11:49  Brood Lord  
  170  11:54  Drone x2  
  170  11:55  Drone  
  170  11:59  Brood Lord  
  174  12:02  Zergling x4  
  174  12:03  Zergling x4  
  174  12:05  Brood Lord  
  174  12:07  Overseer  
  180  12:15  Zergling x16  
  187  12:19  Brood Lord x2  
  182  12:27  Zergling x14  
  188  12:35  Hatchery  
  186  12:41  Infestor x2, Burrow  
  188  12:48  Neural Parasite, Zerg Flyer Weapons Level 1  
  181  12:59  Corruptor x2  
  172  13:34  Zergling x12  
  172  13:35  Zergling x10  
  177  13:44  Drone  
  177  13:45  Drone x6  
  185  13:48  Brood Lord x2  
  185  13:51  Adrenal Glands  
  185  13:53  Baneling x12  
  175  14:05  Infestor x2  
  175  14:07  Pathogen Glands  
  179  14:10  Drone  
  179  14:12  Drone x5  
  177  14:25  Drone  
  177  14:26  Drone  
  179  14:33  Spine Crawler  
  179  14:34  Spine Crawler  
  179  14:35  Overseer  
  179  14:36  Corruptor x6  
  189  14:39  Zergling x2  
  189  14:42  Overlord  
  189  14:44  Overlord  
  190  14:46  Zerg Flyer Weapons Level 2  
  190  14:58  Extractor  
  190  14:59  Spore Crawler, Zerg Melee Weapons Level 3  
  188  15:00  Spore Crawler  
  188  15:04  Overseer, Hatchery  
  188  15:06  Infestor  
  172  15:23  Drone x7  
  172  15:24  Drone  
  171  15:31  Infestor x3  
  171  15:34  Drone x3  
  171  15:35  Zergling x2, Drone x3  
  177  15:36  Drone  
  179  15:46  Zergling x12  
  176  16:01  Infestor x4  
  183  16:04  Drone x5  
  183  16:10  Extractor  
  186  16:14  Spine Crawler  
  186  16:15  Baneling x3  
  185  16:30  Infestor  
  185  16:31  Brood Lord x2  
  191  16:34  Hydralisk  
  191  16:35  Zergling x2, Hydralisk x2  
  191  16:36  Zergling x4  
  200  16:50  Spore Crawler x3  
  200  16:51  Spine Crawler  
  200  16:53  Spore Crawler  
  166  17:16  Hatchery  
  166  17:17  Hydralisk x11  
  187  17:29  Drone x5  
  192  17:46  Overlord  
  192  17:47  Overseer  
  192  17:48  Overseer  
  192  17:54  Hatchery  
  191  18:03  Queen  
  193  18:07  Zergling x14  
  196  18:19  Overlord, Drone  
  192  18:32  Hatchery  
  190  18:38  Corruptor x3  
  192  18:42  Overseer  
  192  18:50  Spine Crawler  
  192  18:51  Drone x4  
  192  18:52  Drone  
  192  18:54  Baneling  
  196  18:58  Overseer  
  193  19:16  Hydralisk  
  187  19:17  Zergling x6  
  188  19:27  Overlord  
  188  19:30  Zergling x20  
  192  19:50  Extractor  
  192  19:51  Drone x2  
  193  19:55  Spore Crawler x2, Baneling x4  
  193  19:56  Zergling x18  
  200  20:03  Zerg Flyer Weapons Level 3, Extractor  
  200  20:05  Zerg Missile Weapons Level 3  
  197  20:14  Hydralisk x3  
  195  20:22  Spine Crawler  
  195  20:24  Spine Crawler  
  195  20:27  Overseer  
  193  20:37  Spore Crawler  
  184  21:08  Brood Lord x3  
  184  21:09  Overlord, Brood Lord  
  184  21:10  Overlord  
  190  21:18  Corruptor x3  
  194  21:33  Extractor  
  189  21:41  Corruptor x4  
  162  22:06  Zergling x38  
  141  22:17  Hydralisk x4  
  145  22:23  Hydralisk x3  
  143  22:31  Hydralisk  
  127  22:48  Viper x7  
  137  23:02  Hatchery  
  137  23:03  Brood Lord  
  111  23:33  Brood Lord x5  
  121  23:40  Brood Lord  
  123  23:42  Extractor  
Tags
 
Add a new tag
Caveats
  • Supply blocks, unpowered buildings, or Contaminate may cause inaccurate times.
  • Supply counts are checked every 10 seconds.